 Dungeon Crawl Stone Soup version 0.16-a0-1243-g6e0463c (webtiles) character file.

58826 Kashira the Covert (level 14, -6/65 HPs)
             Began as a Vine Stalker Berserker on Oct 13, 2014.
             Was an Elder of Trog.
             Mangled by a thrashing horror (9 damage)
             ... on level 3 of the Abyss.
             The game lasted 01:02:42 (10191 turns).

Kashira the Covert (Vine Stalker Berserker)        Turns: 10191, Time: 01:02:42

Health: -6/65      AC: 13    Str: 20 (21) XL:     14   Next: 34%
Magic:  0/26       EV: 13    Int: 10 (11) God:    Trog [****..]
Gold:   667        SH:  0    Dex: 14      Spells: 0 memorised, 13 levels left

rFire  + + .     SeeInvis +     m - +4 executioner's axe (elec)
rCold  . . .     Clarity  .     y - +2 ring mail {rF+}
rNeg   . . .     SustAb   .     (no shield)
rPois  +         Gourm    .     z - +1 helmet {SInv}
rElec  .         Spirit   +     p - +0 cloak
rCorr  .         Warding  .     U - +2 pair of gloves
rMut   .         Stasis   .     u - +0 pair of boots
MR     +++..                    Y - cursed amulet of regeneration
Stlth  ++........               f - ring of poison resistance
                                q - ring of protection from fire

@: about to teleport, very slightly contaminated, regenerating, hasted, glowing,
very quick, extremely resistant to hostile enchantments, unstealthy
A: claws 1, fangs 3, blurry vision 2, breathe flames 1, clever 1, deformed body,
frail 1, low mp 1, regeneration 3, weak 1, magic shield, antimagic bite, no
device heal 3, rot immunity
a: Burn Spellbooks, Berserk, Trog's Hand, Brothers in Arms, Renounce Religion,
Breathe Fire
}: 1/15 runes: abyssal


You were on level 3 of the Abyss.
You worshipped Trog.
Trog was greatly pleased with you.
You were not hungry.

You visited 1 branch of the dungeon, and saw 12 of its levels.
You visited the Abyss 1 time.
You also visited: Bailey.

You collected 824 gold pieces.
You spent 157 gold pieces at shops.

Inventory:

Hand weapons
 m - a +4 executioner's axe of electrocution (weapon)
 M - a +4 battleaxe of freezing
Missiles
 R - a throwing net (quivered)
Armour
 p - a +0 cloak (worn)
 u - a +0 pair of boots (worn)
 y - a +2 ring mail of fire resistance (worn)
 z - a +1 helmet of see invisible (worn)
 U - a +2 pair of gloves (worn)
 X - a +2 hat
Jewellery
 f - a ring of poison resistance (right hand)
 k - an uncursed ring of flight
 q - a ring of protection from fire (left hand)
 v - an uncursed ring of stealth
 F - an uncursed ring of ice
 I - an uncursed ring of fire
 Y - a cursed amulet of regeneration (around neck)
Magical devices
 b - a wand of confusion (9)
 c - a wand of slowing (32)
 i - a wand of hasting (2)
 n - a wand of lightning (2)
 B - a wand of flame (33)
 D - a wand of heal wounds (5)
Scrolls
 d - 3 scrolls of recharging
 e - a scroll of teleportation
 g - 2 scrolls of holy word
 h - 3 scrolls of amnesia {unknown}
 s - 3 scrolls of immolation {unknown}
 t - 2 scrolls of fog {unknown}
 x - 6 scrolls of enchant weapon
 H - 2 scrolls of blinking
 O - 2 scrolls of enchant armour {unknown}
 P - 3 scrolls of summoning
 W - 2 scrolls of remove curse
 Z - a scroll of fear
Potions
 a - 2 potions of agility
 l - 5 potions of might
 o - 4 potions of flight
 r - 5 potions of restore abilities
 N - 4 potions of curing
 V - a potion of brilliance
Books
 C - a book of the Dragon

   Spells                             Type                      Level
   Flight                             Charms/Air                   3
   Cause Fear                         Hexes                        4
   Bolt of Fire                       Conjuration/Fire             6
   Dragon Form                        Transmutation                7
   Dragon's Call                      Summoning                    9
   Trog disapproves of the use of such an item.
 E - a book of Beasts

   Spells                             Type                      Level
   Summon Butterflies                 Summoning                    1
   Call Canine Familiar               Summoning                    3
   Summon Ice Beast                   Ice/Summoning                4
   Summon Mana Viper                  Hexes/Summoning              5
   Monstrous Menagerie                Summoning                    6
   Summon Hydra                       Summoning                    7
   Trog disapproves of the use of such an item.
 J - a Grand Grimoire {highlevel, unknown}

   This book is beyond your current level of understanding.

   Spells                             Type                      Level
   Aura of Abjuration                 Summoning                    6
   Forceful Dismissal                 Summoning                    6
   Summon Greater Demon               Summoning                    7
   Malign Gateway                     Summoning/Translocation      7
   Summon Horrible Things             Summoning                    8
   Trog disapproves of the use of such an item.
 Q - a book of Minor Magic

   Spells                             Type                      Level
   Magic Dart                         Conjuration                  1
   Blink                              Translocation                2
   Call Imp                           Summoning                    2
   Repel Missiles                     Charms/Air                   2
   Slow                               Hexes                        2
   Conjure Flame                      Conjuration/Fire             3
   Mephitic Cloud                     Conjuration/Poison/Air       3
   Trog disapproves of the use of such an item.
Miscellaneous
 j - a lantern of shadows
Comestibles
 A - 8 fruits
 S - 3 bread rations
 T - 4 beef jerkies


   Skills:
 - Level 8.1 Fighting
 - Level 12.3 Axes
 - Level 5.2 Armour
 - Level 7.4 Dodging
 - Level 13.3 Stealth
 + Level 10.8 Evocations


You had 13 spell levels left.
You didn't know any spells.

Dungeon Overview and Level Annotations

Branches:
Dungeon (12/15)            Temple (0/1) D:6
    Orc: D:9-12        Lair: D:8-11

Altars:
Ashenzari
Gozag
Kikubaaqudgha
Okawaru
Qazlal
Sif Muna
Trog
Vehumet
Xom
Zin
The Shining One
Beogh

Shops:
D:11 [(

Annotations:
D:12 Sonja


Innate Abilities, Weirdness & Mutations

You have razor-sharp teeth.
You regenerate.
When hurt, damage is shared between your health and your magic reserves.
Your bite disrupts and absorbs the magic of your enemies.
Potions and wands cannot restore your health.
You are immune to rotting.
You have sharp fingernails.
Your vision is quite blurry.
You can breathe flames.
Your mind is acute. (Int +2)
Armour fits poorly on your strangely shaped body.
You are frail (-10% HP).
Your magical capacity is low (-10% MP).
You are weak. (Str -2)


Message History

* * * LOW HITPOINT WARNING * * *
The angel hits you with a whip of holy wrath.
* * * LOW HITPOINT WARNING * * *
The thrashing horror tramples you but does no damage.
The thrashing horror tramples you.
* * * LOW HITPOINT WARNING * * *
You stumble backwards!
Drink which item? (? for menu, Esc to quit)
Okay, then.
Evoke which item? (* to show all) (? for menu, Esc to quit)
Okay, then.
Unknown command.
Press: ? - help, v - describe, . - travel
Here: a thrashing horror (haloed)
The floor.
Read which item? (? for menu, Esc to quit)
The writing blurs in front of your eyes.
The thrashing horror roars!
The thrashing horror tramples you!
You die...

# # ... .#.. .
# #.#
#...#X#####.
#.#..###...#.#
#
##.§#....#.##
. #
#..#......#
##..
#.##.#A#§.###
# . #.#.### §
. #.#.
#.4X#####.
..X#.
#..#.@X.#.#.
#. . #.
#.#.##.##. . .
# ..# .## .
.X#.. #.# #.
#. . X.#. ##
... .## #. ..
### ... ..# .
#. # .. #.


You could see an angel, 2 thrashing horrors and a sixfirhy.

Vanquished Creatures
  A tentacled starspawn (Abyss:2)
  Gastronok (D:8)
  A rakshasa (Abyss:1)
  A thrashing horror (Abyss:2)
  2 hill giants
  2 cyclopes (D:11)
  3 sixfirhies
  Maurice (D:9)
  A smoke demon (Abyss:1)
  An orange demon (Abyss:2)
  The ghost of Raxtorm the Shield-Bearer, an experienced MiFi (D:5)
  The ghost of Talonman the Insei, an experienced DrTm of Ru (D:6)
  An efreet (Abyss:1)
  5 large abominations
  A silent spectre (Abyss:2)
  3 ancient zymes
  Prince Ribbit (D:6)
  A deep elf mage (D:8)
  4 slime creatures (D:11)
  2 two-headed ogres
  2 blink frogs
  A basilisk (D:11)
  5 raiju (Abyss:3)
  10 yaks
  2 ynoxinuls
  A hippogriff (D:7)
  Eustachio (D:9)
  3 fire bats (Abyss:2)
  2 wraiths
  A neqoxec (Abyss:3)
  A chaos spawn (Abyss:3)
  Edmund (D:7)
  A hungry ghost (D:7)
  Menkaure (D:7)
  2 sky beasts
  5 orc warriors
  An ice beast (D:7)
  3 phantoms
  An alligator simulacrum (Abyss:1)
  6 ogres
  7 centaurs
  A brain worm (shapeshifter) (Abyss:3)
  Sigmund (D:6)
  Duvessa (D:4)
  2 big kobolds
  5 giant frogs
  2 crocodiles (D:11)
  4 scorpions
  8 small abominations
  8 killer bees
  A goliath beetle (D:8)
  2 crimson imps (D:5)
  10 wights
  2 quasits
  Dowan (D:4)
  2 starcursed masses (Abyss:3)
  5 hounds
  2 jellies
  A gnoll shaman (D:10)
  3 orc priests
  An iron imp (Abyss:2)
  Natasha (twice) (D:4)
  5 iguanas
  7 worker ants
  10 orc wizards
  A big kobold zombie (D:5)
  Ijyb (D:4)
  Jessica (D:3)
  Terence (D:2)
  A mummy (D:10)
  A green rat (D:11)
  14 adders
  9 gnolls
  A shadow imp (D:11)
  A white imp (D:9)
  4 worms
  3 giant mites
  An ufetubus (Abyss:1)
  3 giant geckos
  87 orcs
  A ball python (D:2)
  6 giant cockroaches
  12 goblins
  13 hobgoblins
  8 jackals
  3 quokkas
  21 bats
  A giant gecko skeleton (D:4)
  4 giant newts
  A giant newt skeleton (D:5)
  A giant spore (D:11)
  A goblin skeleton (D:5)
  A hobgoblin skeleton (D:5)
  23 kobolds
  An orc skeleton (D:4)
  2 orc zombies
  A quokka skeleton (D:6)
  25 rats
  2 fungi (D:11)
  A starspawn tentacle (Abyss:3)
434 creatures vanquished.

Vanquished Creatures (collateral kills)
  A tentacled starspawn (Abyss:3)
  2 very ugly things (Abyss:3)
  A quicksilver dragon zombie (Abyss:3)
  4 starcursed masses (Abyss:3)
  A hydra (D:10)
  2 thrashing horrors (Abyss:3)
  An ice devil (Abyss:3)
  A spatial maelstrom (Abyss:3)
  5 orc knights (Bailey)
  3 slime creatures (D:11)
  A worldbinder (Abyss:3)
  4 ugly things
  2 orange demons
  A harpy zombie (Abyss:3)
  3 raiju (Abyss:3)
  2 blink frogs (Abyss:1)
  A two-headed ogre (D:10)
  A neqoxec (Abyss:3)
  A spatial vortex (Abyss:3)
  6 orc warriors
  A phantom (D:10)
  A centaur (D:10)
  5 small abominations
  2 quasits (Abyss:3)
  5 orcs (Bailey)
  A starspawn tentacle (Abyss:3)
58 creatures vanquished.

Vanquished Creatures (others)
  A tormentor (Abyss:3)
  4 trolls
  A two-headed ogre (Bailey)
  5 ogres
  A small abomination (Abyss:3)
  2 fungi (D:11)
  4 starspawn tentacles (Abyss:2)
  97 starspawn tentacle segments
115 creatures vanquished.

Grand Total: 607 creatures vanquished

Notes
Turn   | Place    | Note
--------------------------------------------------------------
     0 | D:1      | Kashira, the Vine Stalker Berserker, began the quest for the Orb.
     0 | D:1      | Reached XP level 1. HP: 11/11 MP: 1/1
   164 | D:1      | Reached XP level 2. HP: 16/16 MP: 3/3
   253 | D:1      | Reached skill level 3 in Fighting
   301 | D:1      | Acquired Trog's second power
   461 | D:1      | Reached XP level 3. HP: 7/20 MP: 1/4
   677 | D:2      | Reached skill level 1 in Stealth
   892 | D:2      | Reached XP level 4. HP: 16/24 MP: 3/5
  1084 | D:2      | Noticed Terence
  1090 | D:2      | Killed Terence
  1302 | D:3      | Reached XP level 5. HP: 16/28 MP: 2/7
  1358 | D:3      | Noticed Jessica
  1366 | D:3      | Reached skill level 4 in Axes
  1368 | D:3      | Killed Jessica
  1498 | D:3      | Gained mutation: You heal very quickly. [vine stalker growth]
  1498 | D:3      | Reached XP level 6. HP: 26/33 MP: 8/8
  1542 | D:3      | Acquired Trog's third power
  1992 | D:4      | Noticed Dowan
  2002 | D:4      | Noticed Duvessa
  2009 | D:4      | Killed Dowan
  2013 | D:4      | Killed Duvessa
  2060 | D:4      | Noticed Ijyb
  2081 | D:4      | Killed Ijyb
  2081 | D:4      | Reached XP level 7. HP: 35/37 MP: 9/9
  2241 | D:4      | Noticed Natasha
  2244 | D:4      | Killed Natasha
  2244 | D:4      | Reached skill level 5 in Axes
  2266 | D:4      | Noticed Natasha
  2273 | D:4      | Killed Natasha
  2308 | D:4      | Found an iron altar of Okawaru.
  2627 | D:5      | Entered Level 5 of the Dungeon
  2627 | D:5      | Noticed Raxtorm's ghost (experienced MiFi)
  2636 | D:5      | Killed Raxtorm's ghost
  2636 | D:5      | Gained mutation: You have razor-sharp teeth. [vine stalker growth]
  2636 | D:5      | Reached XP level 8. HP: 42/42 MP: 9/11
  2698 | D:5      | Gained mutation: Your vision is a little blurry. [mutagenic meat]
  2699 | D:5      | Gained mutation: Your magical capacity is low (-10% MP). [mutagenic meat]
  2700 | D:5      | Gained mutation: Your flesh is heat resistant. [mutagenic meat]
  3111 | D:5      | Reached skill level 5 in Stealth
  3254 | D:5      | Reached skill level 6 in Axes
  3445 | D:6      | Noticed Sigmund
  3462 | D:6      | Killed Sigmund
  3702 | D:6      | Found a staircase to the Ecumenical Temple.
  3735 | D:6      | Noticed Talonman's ghost (experienced DrTm)
  3747 | D:6      | Killed Talonman's ghost
  3747 | D:6      | Reached skill level 7 in Stealth
  3747 | D:6      | Reached XP level 9. HP: 42/46 MP: 10/10
  3919 | D:6      | Noticed Prince Ribbit
  3985 | D:6      | Received a gift from Trog
  4053 | D:6      | Found a bloodstained altar of Trog.
  4126 | D:6      | Killed Prince Ribbit
  4126 | D:6      | Reached skill level 8 in Stealth
  4220 | D:7      | Noticed Menkaure
  4224 | D:7      | Killed Menkaure
  4224 | D:7      | Reached skill level 5 in Fighting
  4236 | D:7      | Noticed Edmund
  4244 | D:7      | Killed Edmund
  4317 | D:7      | Found a flagged portal.
  4328 | Bailey   | Entered a bailey
  4345 | Bailey   | Reached skill level 5 in Dodging
  4508 | Bailey   | Noticed an orc knight
  4509 | Bailey   | Noticed an orc knight
  4516 | Bailey   | Killed an orc knight
  4516 | Bailey   | Reached XP level 10. HP: 51/51 MP: 11/11
  4525 | Bailey   | Killed an orc knight
  4527 | Bailey   | Noticed an orc knight
  4536 | Bailey   | Killed an orc knight
  4569 | Bailey   | Noticed an orc knight
  4571 | Bailey   | Noticed an orc knight
  4574 | Bailey   | Killed an orc knight
  4578 | Bailey   | Killed an orc knight
  5032 | D:7      | Found a deep blue altar of Sif Muna.
  5036 | D:7      | Identified Sif Muna's Collected Works on Attacks
  5040 | D:7      | Found an ancient bone altar of Kikubaaqudgha.
  5044 | D:7      | Identified Kikubaaqudgha's Reference Book on Necromancy
  5048 | D:7      | Found a radiant altar of Vehumet.
  5052 | D:7      | Identified Vehumet's Compendium of Conjuration
  5125 | D:7      | Found a shattered altar of Ashenzari.
  5125 | D:7      | Found a shimmering altar of Xom.
  5126 | D:7      | Found an opulent altar of Gozag.
  5127 | D:7      | Found a glowing golden altar of the Shining One.
  5127 | D:7      | Found a stormy altar of Qazlal.
  5127 | D:7      | Found a glowing silver altar of Zin.
  5320 | D:8      | Reached skill level 9 in Axes
  5388 | D:8      | Noticed Gastronok
  5394 | D:8      | Killed Gastronok
  5394 | D:8      | Received a gift from Trog
  5394 | D:8      | Reached XP level 11. HP: 58/58 MP: 13/13
  5460 | D:8      | Got a fine scale mail
  5479 | D:8      | Identified the cursed +0 scale mail of the End {Int+5} (You found it on level 8 of the Dungeon)
  5785 | D:9      | HP: 2/58 [worker ant (5)]
  5874 | D:9      | Reached skill level 10 in Axes
  6173 | D:9      | Noticed Maurice
  6185 | D:9      | Killed Maurice
  6411 | D:9      | Reached skill level 5 in Armour
  6411 | D:9      | Reached skill level 1 in Evocations
  6469 | D:9      | Noticed Eustachio
  6488 | D:9      | Killed Eustachio
  6551 | D:9      | Found a roughly hewn altar of Beogh.
  6620 | D:10     | Entered Level 10 of the Dungeon
  7008 | D:10     | Noticed a hill giant
  7014 | D:10     | Killed a hill giant
  7051 | D:10     | Noticed a seven-headed hydra
  7055 | D:10     | Killed a seven-headed hydra
  7055 | D:10     | Reached skill level 11 in Axes
  7168 | D:11     | Received a gift from Trog
  7211 | D:11     | Found Fruxya's Antique Armour Boutique.
  7216 | D:11     | Bought a pair of embroidered gloves for 157 gold pieces
  7513 | D:11     | Found Coydo's Antique Weapon Shop.
  7593 | D:11     | Gained mutation: You regenerate. [vine stalker growth]
  7593 | D:11     | Reached XP level 12. HP: 63/63 MP: 18/18
  7761 | D:11     | Received a gift from Trog
  7929 | D:11     | Noticed a hill giant
  7937 | D:11     | Killed a hill giant
  7937 | D:11     | Reached skill level 12 in Axes
  8230 | D:12     | Noticed Sonja
  8234 | D:12     | Cast into the Abyss (Sonja)
  8380 | Abyss:1  | Noticed a rakshasa
  8386 | Abyss:1  | Killed a rakshasa
  8442 | Abyss:1  | Noticed a tentacled starspawn
  8456 | Abyss:1  | Reached XP level 13. HP: 68/68 MP: 19/19
  8476 | Abyss:1  | Reached skill level 13 in Stealth
  8713 | Abyss:2  | Noticed a starcursed mass
  8776 | Abyss:2  | Found a radiant altar of Vehumet.
  9211 | Abyss:2  | Reached skill level 5 in Evocations
  9212 | Abyss:2  | Noticed a tentacled starspawn
  9222 | Abyss:2  | Killed a tentacled starspawn
  9330 | Abyss:2  | Noticed a white very ugly thing
  9546 | Abyss:3  | Reached XP level 14. HP: 73/73 MP: 24/24
  9602 | Abyss:3  | Noticed a tentacled starspawn
  9633 | Abyss:3  | Noticed a red very ugly thing
  9635 | Abyss:3  | Noticed a red very ugly thing
  9645 | Abyss:3  | Killed a red very ugly thing
  9649 | Abyss:3  | Killed a cyan very ugly thing
  9665 | Abyss:3  | Gained mutation: You have sharp fingernails. [mutagenic meat]
  9666 | Abyss:3  | Gained mutation: You are agile. (Dex +2) [mutagenic meat]
  9667 | Abyss:3  | Gained mutation: You have large cloven feet. [mutagenic meat]
  9668 | Abyss:3  | Lost mutation: You are agile. (Dex +2) [mutagenic meat]
  9676 | Abyss:3  | Gained mutation: Your mind is acute. (Int +2) [mutagenic meat]
  9677 | Abyss:3  | Gained mutation: You can breathe flames. [mutagenic meat]
  9686 | Abyss:3  | Gained mutation: You are weak. (Str -2) [mutagenic meat]
  9687 | Abyss:3  | Lost mutation: Your flesh is heat resistant. [mutagenic meat]
  9688 | Abyss:3  | Gained mutation: You are frail (-10% HP). [mutagenic meat]
  9689 | Abyss:3  | Lost mutation: You have large cloven feet. [mutagenic meat]
  9794 | Abyss:3  | Gained mutation: Armour fits poorly on your strangely shaped body. [a neqoxec]
  9796 | Abyss:3  | Gained mutation: Your vision is quite blurry. [a neqoxec]
  9848 | Abyss:3  | Reached skill level 10 in Evocations
  9870 | Abyss:3  | Killed a tentacled starspawn
  9905 | Abyss:3  | Found a corrupted altar of Lugonu.
 10018 | Abyss:3  | Got an abyssal rune of Zot
 10146 | Abyss:3  | Noticed a reaper
 10179 | Abyss:3  | Noticed an angel
 10189 | Abyss:3  | HP: 3/65 [angel/whip of holy wrath (1)]
 10190 | Abyss:3  | HP: 1/65 [thrashing horror (3)]
 10191 | Abyss:3  | Mangled by a thrashing horror

Action                   |  1- 3 |  4- 6 |  7- 9 | 10-12 | 13-15 || total
-------------------------+-------+-------+-------+-------+-------++-------
Melee: Hand axe          |    87 |   170 |   209 |       |       ||   466
       Battleaxe         |       |       |    53 |   327 |       ||   380
       Executioner's axe |       |       |       |    49 |   176 ||   225
Invok: Berserk           |       |     4 |     8 |     8 |     2 ||    22
       Brothers in Arms  |       |       |     2 |     8 |     9 ||    19
       Burn Spellbooks   |       |       |       |     1 |       ||     1
       Trog's Hand       |       |       |       |     1 |     1 ||     2
Evoke: Wand              |       |       |       |     1 |     4 ||     5
  Use: Scroll            |       |       |    11 |    16 |     4 ||    31
       Potion            |       |       |       |     1 |     6 ||     7
 Stab: Sleeping          |       |     2 |    19 |    17 |       ||    38
       Distracted        |       |       |       |     3 |     1 ||     4
       Invisible         |       |       |       |       |     1 ||     1
  Eat: Bread ration      |       |     2 |       |     2 |     1 ||     5
       Chunk             |       |     2 |    12 |    11 |    12 ||    37
       Beef jerky        |       |       |     3 |       |     2 ||     5
       Meat ration       |       |       |       |     2 |       ||     2
